AoeStats
← MurderHoles

Arena

510678658Analyzed
1v1 RM · 23h ago on Oct 2, 2026· 40m 20s· 2 players
Game mode
Random Map
Map size
Tiny (2 player)
Population
200
Speed
Normal
Resources
Standard
Victory
Conquest
Starting age
Dark Age
Ending age
Imperial Age
RankedLock teamsTeams togetherTeam positionsShared explorationLock speedFull tech treeHidden civsTurbo modeCheats
Victory
Defeat
🇦🇺 Chinese · Australia
987
+17
🇺🇸 Saxons · United States
1004
-17
Shivers
0:26 Loom
10:33 Feudal Age
14:44 Castle Age
13:47 Gold Mining
13:50 Double-Bit Axe
14:01 Horse Collar
19:02 Gold Shaft Mining
18:18 Stone Mining
18:54 Bow Saw
22:30 Wheelbarrow
25:34 Fletching
25:45 Padded Archer Armor
28:43 Stone Shaft Mining
28:37 Bodkin Arrow
34:03 Imperial Age
32:16 Bloodlines
32:06 Husbandry
31:29 Light Cavalry
32:18 Scale Mail Armor
32:33 Forging
32:41 Scale Barding Armor
32:53 Leather Archer Armor
34:10 Hand Cart
33:41 Town Watch
34:44 Iron Casting
34:46 Ballistics
34:37 Masonry
34:23 Murder Holes
34:48 Thumb Ring
35:30 Conscription
35:30 Bracer
35:51 Chain Barding Armor
36:18 Great Wall
41:11 Chemistry
40:41 Architecture
40:52 Plate Barding Armor
41:18 Blast Furnace
40:49 Ring Archer Armor
MurderHoles
10:45 Feudal Age
12:34 Horse Collar
12:44 Double-Bit Axe
15:11 Castle Age
13:37 Loom
14:18 Horse Collar
14:25 Double-Bit Axe
16:54 Bow Saw
18:02 Heavy Plow
18:16 Stone Mining
20:14 Scale Mail Armor
23:40 Gold Mining
25:14 Wheelbarrow
24:27 Town Watch
25:44 Gambesons
26:00 Squires
27:57 Gold Shaft Mining
27:54 Arson
28:34 Hand Cart
28:37 Fortified Wall
32:26 Imperial Age
30:53 Bloodlines
31:01 Forging
30:50 Light Cavalry
32:32 Husbandry
33:51 Conscription
33:28 Elite Varangian Guard
34:25 Chain Mail Armor
34:46 Iron Casting
38:34 Onager
Connection lost

Rejoining the realm…

Still unreachable

The connection could not be restored.

Session expired

The server has moved on; the page needs a fresh start.